Map: 카이로스 정션 - 래더

Players

FanTaSy

  • Race: Terran Terran
  • Spawn Location: 11:00

Dear - Winner!

  • Race: Protoss Protoss
  • Spawn Location: 5:00

Event: IEM Season 13: Katowice (2019)

VOD

Have the link to the VOD?

Description

Time

  • Played on: Feb. 25, 2019, 6:14 a.m.
  • Length: 9:52

All games in this series

Show
View Real Time Build Order
Export as new Build Order

FanTaSy Terran 

Build Orders: Reaper Expand 

Get SALT Encoding   

  12  0:00  SCV  
  13  0:12  SCV  
  14  0:16  Supply Depot  
  14  0:24  SCV  
  15  0:38  SCV  
  15  0:39  Barracks  
  16  0:43  Refinery  
  16  0:50  SCV  
  17  1:02  SCV  
  18  1:14  SCV  
  19  1:27  Orbital Command  
  19  1:28  Reaper  
  20  1:43  Command Center  
  20  1:52  Supply Depot  
  20  1:53  SCV  
  21  2:01  Barracks Reactor  
  21  2:05  Refinery, SCV  
  22  2:18  SCV  
  22  2:21  Factory  
  23  2:30  SCV  
  24  2:37  Marine x2  
  24  2:42  SCV  
  27  2:54  SCV  
  27  2:55  Marine x2  
  30  3:01  Orbital Command  
  30  3:06  Factory Tech Lab, SCV  
  30  3:09  Starport  
  29  3:13  Marine x2  
  29  3:18  SCV  
  32  3:25  Siege Tank  
  32  3:26  SCV  
  36  3:30  SCV, Marine  
  36  3:31  Marine  
  39  3:37  Supply Depot  
  39  3:39  SCV  
  40  3:42  SCV  
  40  3:46  Starport Tech Lab  
  41  3:48  Marine x2  
  41  3:51  SCV  
  41  3:52  Supply Depot  
  41  3:54  SCV  
  45  3:57  Barracks  
  45  4:03  SCV  
  45  4:04  Raven  
  45  4:06  SCV  
  45  4:07  Marine  
  45  4:08  Marine  
  51  4:15  SCV  
  51  4:16  Siege Tank  
  55  4:19  SCV  
  55  4:22  Refinery, Supply Depot  
  56  4:27  Marine x2  
  56  4:28  SCV  
  56  4:31  SCV  
  60  4:37  Engineering Bay  
  60  4:40  SCV  
  60  4:43  SCV  
  62  4:45  Barracks  
  62  4:52  SCV  
  63  4:54  Supply Depot  
  63  4:55  SCV  
  63  4:58  Marauder  
  63  4:59  Stimpack  
  66  5:00  Marine x2  
  66  5:02  Starport Reactor  
  66  5:03  Refinery, Terran Infantry Weapons Level 1  
  66  5:04  SCV  
  69  5:07  SCV  
  69  5:11  Supply Depot  
  70  5:16  Factory Reactor  
  70  5:18  Marine x2  
  70  5:19  SCV  
  70  5:20  Marauder, SCV  
  74  5:35  Marine  
  74  5:41  Marauder  
  74  5:42  Medivac x2  
  80  5:43  Supply Depot  
  80  5:49  Supply Depot  
  80  5:50  Command Center  
  80  5:53  Widow Mine  
  80  5:54  Combat Shield, Widow Mine  
  84  6:00  Marauder  
  86  6:05  Marauder, Marine x2  
  86  6:07  Supply Depot  
  90  6:12  Medivac, Supply Depot  
  90  6:14  Medivac  
  90  6:17  Widow Mine  
  96  6:24  Marauder, Marine x2  
  100  6:26  Widow Mine  
  100  6:29  Marauder  
  104  6:37  Barracks  
  104  6:38  SCV x2  
  106  6:40  Barracks  
  106  6:42  Supply Depot  
  106  6:47  Marauder  
  106  6:50  Marauder, SCV x2  
  112  6:57  Terran Infantry Armor Level 1, Widow Mine x2  
  116  7:03  Marine x2  
  116  7:07  Orbital Command  
  118  7:09  Marauder  
  118  7:12  Marauder, Medivac  
  118  7:14  Concussive Shells  
  118  7:15  Medivac  
  126  7:19  SCV x2  
  125  7:29  Widow Mine x2  
  122  7:30  Marauder, Marine x2  
  122  7:31  SCV  
  122  7:32  SCV  
  113  7:40  Barracks Tech Lab, Liberator, Barracks Reactor  
  113  7:42  Marauder  
  108  7:45  Orbital Command  
  108  7:46  Liberator  
  108  7:48  Marine x2  
  110  7:52  Starport  
  109  8:05  SCV x2  
  114  8:11  SCV  
  114  8:12  Marauder x3, Marine x2  
  123  8:15  Liberator  
  123  8:17  Refinery  
  123  8:18  Refinery  
  123  8:20  SCV x2  
  123  8:23  SCV  
  126  8:27  Liberator  
  129  8:38  Liberator  
  129  8:39  Supply Depot x2  
  129  8:40  Supply Depot  
  122  8:51  SCV x3  
  125  9:01  Marauder x2, Marine x4  
  131  9:06  SCV x3  
  131  9:08  Supply Depot  
  131  9:09  Refinery, Supply Depot  
  134  9:11  Supply Depot  
  134  9:17  Medivac x2  
  131  9:23  Marauder x2, Marine x4  
  131  9:24  Marauder  
  126  9:29  SCV x2  
Show
View Real Time Build Order
Export as new Build Order

Dear Protoss - Winner!

Build Orders: 1 Gate Expand, Colossus Rush 

Get SALT Encoding   

  12  0:00  Probe  
  13  0:12  Probe  
  14  0:17  Pylon  
  14  0:24  Probe  
  15  0:32  Probe  
  15  0:37  Gateway  
  15  0:40  Probe  
  16  0:46  Assimilator  
  17  0:51  Probe  
  18  1:03  Probe  
  19  1:15  Probe  
  20  1:22  Nexus  
  20  1:31  Cybernetics Core  
  20  1:34  Probe  
  21  1:42  Assimilator  
  21  1:46  Probe  
  22  1:51  Pylon  
  22  1:58  Probe  
  22  1:59  Adept  
  23  2:08  Warp Gate  
  23  2:10  Probe  
  26  2:19  Stalker  
  25  2:23  Probe  
  25  2:26  Robotics Facility  
  28  2:30  Probe  
  28  2:35  Probe  
  30  2:38  Probe  
  31  2:47  Probe  
  31  2:48  Stalker, Probe  
  35  2:59  Probe x2  
  37  3:07  Probe  
  37  3:11  Probe  
  39  3:13  Observer  
  39  3:15  Probe  
  39  3:22  Gateway  
  39  3:24  Gateway, Probe  
  39  3:25  Probe  
  40  3:30  Pylon  
  40  3:33  Probe  
  41  3:35  Observer, Assimilator  
  41  3:36  Probe  
  41  3:37  Assimilator  
  44  3:41  Probe  
  45  3:48  Probe  
  45  3:52  Robotics Bay  
  45  3:53  Probe  
  45  3:54  Pylon  
  47  3:56  Observer  
  47  4:00  Probe  
  49  4:04  Stalker  
  49  4:05  Probe  
  52  4:11  Pylon  
  52  4:12  Probe  
  52  4:14  Forge  
  53  4:17  Probe  
  53  4:19  Observer  
  55  4:29  Twilight Council  
  55  4:32  Colossus  
  55  4:35  Nexus  
  61  4:48  Protoss Ground Weapons Level 1  
  61  4:50  Probe x2  
  63  4:54  Pylon  
  63  5:02  Observer, Probe x2  
  63  5:04  Stalker x2  
  69  5:08  Colossus  
  69  5:09  Blink  
  69  5:14  Probe x2  
  71  5:17  Pylon  
  77  5:35  Observer  
  77  5:37  Extended Thermal Lance  
  77  5:39  Gateway  
  77  5:40  Gateway  
  79  5:45  Zealot x2  
  79  5:47  Sentry  
  79  5:49  Colossus  
  83  5:50  Pylon  
  83  5:54  Probe x3  
  86  6:07  Zealot  
  86  6:09  Zealot  
  96  6:12  Probe x3  
  96  6:16  Sentry  
  96  6:17  Pylon  
  101  6:22  Photon Cannon  
  101  6:25  Probe  
  101  6:26  Probe x2  
  101  6:30  Sentry  
  101  6:32  Pylon  
  106  6:35  Pylon  
  106  6:40  Stalker x3  
  106  6:43  Zealot  
  114  6:47  Colossus  
  114  6:48  Pylon  
  114  6:57  Charge  
  114  6:58  Protoss Ground Armor Level 1  
  119  7:06  Zealot x5  
  129  7:13  Gateway x2  
  129  7:18  Gateway  
  125  7:23  Colossus  
  125  7:29  Zealot x5  
  116  7:45  Assimilator x2  
  116  7:50  Sentry, Zealot x3  
  116  7:51  Zealot  
  126  7:52  Pylon  
  124  7:59  Observer  
  124  8:05  Forge  
  124  8:12  Stalker x4  
  128  8:14  Warp Prism  
  128  8:15  Stalker x2  
  128  8:18  Zealot  
  140  8:20  Zealot  
  142  8:31  Pylon  
  142  8:41  Zealot x2  
  142  8:42  Zealot  
  148  8:51  Pylon  
  148  8:53  Pylon  
  148  9:07  Nexus  
  148  9:20  Stalker  
  148  9:21  Stalker x7  
  148  9:22  Probe x2  
  148  9:44  Zealot  
  148  9:45  Sentry, Zealot x4  
  158  9:48  Zealot x2  

Tags
 
Add a new tag
Caveats
  • Supply blocks, unpowered buildings, or Contaminate may cause inaccurate times.
  • Supply counts are checked every 10 seconds.